 Dungeon Crawl Stone Soup version 0.23.2-1-ga50397a (webtiles) character file.

Game seed: 13185151224270555717

128 cab the Digger (level 5, -1/28 HPs)
             Began as a Gargoyle Earth Elementalist on May 26, 2019.
             Slain by a gnoll
             ... wielding a +0 whip
              (4 damage)
             ... on level 3 of the Dungeon.
             The game lasted 00:11:27 (3617 turns).

cab the Digger (Gargoyle Earth Elementalist)        Turns: 3617, Time: 00:11:28

Health: -1/28      AC: 10    Str: 12    XL:     5   Next: 11%
Magic:  8/10       EV: 12    Int: 22    God:
Gold:   156        SH:  2    Dex: 10    Spells: 6/10 levels left

rFire    + . .     SeeInvis .   j - +0 whip
rCold    x . .     Gourm    .   (no shield)
rNeg     + . .     Faith    .   c - +1 robe
rPois    ∞         Spirit   .   (no helmet)
rElec    +         Reflect  +   e - +0 cloak
rCorr    .         Harm     .   g - +0 pair of gloves
MR       .....                  a - +0 pair of boots
Stlth    ++........             i - +2 amulet of reflection
HPRegen  0.09/turn              f - +6 ring of intelligence
MPRegen  0.12/turn              k - ring of fire

@: no status effects
A: negative energy resistance 1, electricity resistance, unbreathing,
petrification resistance, rot immunity, AC +4
a: no special abilities


You were on level 3 of the Dungeon.
You were not hungry.

You visited 1 branch of the dungeon, and saw 3 of its levels.

You collected 156 gold pieces.

Inventory:

Hand Weapons
 j - a +0 whip (weapon)
 o - a +0 flail
Missiles
 b - 9 stones (quivered)
Armour
 a - a +0 pair of boots (worn)
 c - a +1 robe (worn)
 e - a +0 cloak (worn)
 g - a +0 pair of gloves (worn)
 m - a +0 leather armour
Jewellery
 f - a +6 ring of intelligence (left hand)
 i - a +2 amulet of reflection (around neck)
 k - a ring of fire (right hand)
 n - an uncursed ring of protection from cold
 q - an uncursed ring of protection from cold
Scrolls
 l - a scroll of noise {unknown}
Potions
 h - 2 potions of heal wounds
Comestibles
 d - 8 rations
 p - a chunk of flesh


   Skills:
 - Level 1.5 Dodging
 - Level 2.1 Stealth
 + Level 3.4 Spellcasting
 * Level 1.1 Conjurations
   Level 0.7 Transmutations
 + Level 5.3 Earth Magic


You had 6 spell levels left.
You knew the following spells:

 Your Spells              Type           Power        Failure   Level  Hunger
a - Sandblast             Erth           ####..       1%          1    None
b - Stone Arrow           Conj/Erth      ###...       10%         3    ###....

Your spell library contained the following spells:

 Spells                   Type           Power        Failure   Level  Hunger
 Passwall                 Tmut/Erth      ###.....     5%          2    ##.....
 Petrify                  Tmut/Erth      ###.....     34%         4    ####...
 Lee's Rapid Deconstruct  Erth           ####......   36%         5    ######.


Dungeon Overview and Level Annotations

Branches:
Dungeon (3/15)

Altars:
Kikubaaqudgha
Qazlal
The Shining One

Annotations:
D:2 1 runed translucent door, Crazy Yiuf


Innate Abilities, Weirdness & Mutations

You are resistant to torment.
Your stone body is resilient. (AC +4)
You are immune to poison.
You resist negative energy. (rN+)
You are resistant to electric shocks. (rElec)
You can survive without breathing.
You are immune to petrification.
You are immune to rotting.


Message History

You hit the gnoll.
The gnoll is almost dead.
The gnoll barely misses you.
You closely miss the gnoll.
The gnoll is almost dead.
The gnoll barely misses you.
You barely miss the gnoll.
The gnoll is almost dead.
The gnoll hits you from afar with a +0 halberd!
The gnoll barely misses you.
You hit the gnoll.
The gnoll is almost dead.
The gnoll hits you from afar with a +0 halberd!
* * * LOW HITPOINT WARNING * * *
The gnoll misses you.
You hit the gnoll but do no damage.
The gnoll is almost dead.
A leopard gecko comes into view.
The gnoll closely misses you. The gnoll hits you with a +0 whip.
You die...

....)# #.. .....# #.#
!. ##...# #.# .#
#...#######.### .#
#.............# .#
#...#######.#÷# .#
#...# #.#.# .####.#
#...# #.#.####......#
#...# ###.#..@gg...#
#...# #...######l#.#
#...# #.### .#
#...#####.# )#
##.......#.# g# #
#...####.#.# ....
#.#...##.#.########....
#...#.##.#.##.........g
....#.##.#............g


You could see 2 gnolls and a leopard gecko.

Vanquished Creatures
  2 gnolls (D:3)
  4 adders
  3 worms
  2 leopard geckos
  2 orcs (D:3)
  8 bats
  2 giant cockroaches
  5 goblins
  7 hobgoblins
  2 jackals (D:3)
  9 kobolds
  A ball python (D:3)
  5 frilled lizards
  9 rats
61 creatures vanquished.

Notes
Turn   | Place    | Note
-------+----------+-------------------------------------------
     0 | D:1      | cab the Gargoyle Earth Elementalist began the quest for the
                  | Orb.
     0 | D:1      | Reached XP level 1. HP: 10/10 MP: 3/3
   103 | D:1      | Reached skill level 4 in Earth Magic
   105 | D:1      | Reached XP level 2. HP: 15/15 MP: 1/5
   643 | D:1      | Reached XP level 3. HP: 19/19 MP: 0/6
   983 | D:2      | Learned a level 3 spell: Stone Arrow
  1292 | D:2      | Found an ancient bone altar of Kikubaaqudgha.
  2073 | D:2      | Found a glowing golden altar of the Shining One.
  2233 | D:2      | Reached XP level 4. HP: 12/24 MP: 5/8
  2419 | D:2      | Found a runed translucent door.
  2420 | D:2      | Noticed Crazy Yiuf
  2764 | D:3      | Reached skill level 5 in Earth Magic
  2997 | D:3      | Found a stormy altar of Qazlal.
  3200 | D:3      | Reached skill level 1 in Conjurations
  3595 | D:3      | Reached XP level 5. HP: 28/28 MP: 8/10
  3617 | D:3      | Slain by a gnoll

Skill      XL: |  1  2  3  4 |
---------------+-------------+-----
Earth Magic    | 4 5 |  5.3
Spellcasting   | 3 |  3.4
Conjurations   | 1 |  1.1
Dodging        | |  1.5
Stealth        | |  2.1
Transmutations | |  0.7

Action                   |  1- 3 |  4- 6 || total
-------------------------+-------+-------++-------
Melee: Unarmed           |     1 |       ||     1
       Whip              |    37 |    38 ||    75
 Cast: Sandblast         |    46 |    20 ||    66
       Stone Arrow       |       |     6 ||     6
  Use: Scroll            |     1 |     7 ||     8
 Stab: Distracted        |     1 |       ||     1
  Eat: Chunk             |     3 |     2 ||     5
       Ration            |       |     1 ||     1
Armor: Robe              |    16 |    11 ||    27
Dodge: Dodged            |    32 |    42 ||    74
Block: Other             |       |     1 ||     1
